 Dungeon Crawl Stone Soup version 0.17.0-28-g6e173f8 (webtiles) character file.

4096 tinybubbles the Martial Artist (level 10, -4/74 HPs)
             Began as a Demonspawn Monk on Dec 1, 2015.
             Was the Champion of Makhleb.
             Slain by Maurice
             ... wielding a +0 short sword of protection
              (8 damage)
             ... on level 8 of the Dungeon.
             The game lasted 00:24:41 (7254 turns).

tinybubbles the Martial Artist (Demonspawn Monk)    Turns: 7254, Time: 00:24:41

Health: -4/74      AC:  6    Str: 17    XL:     10   Next: 5%
Magic:  14/14      EV: 15    Int: 11    God:    Makhleb [******]
Gold:   0          SH:  7    Dex: 19    Spells: 0 memorised, 9 levels left

rFire  . . .     SeeInvis .       - Unarmed
rCold  + . .     Clarity  .     G - +1 robe {rC+}
rNeg   . . .     SustAt   .     m - +2 buckler
rPois  .         Gourm    .     t - +0 helmet
rElec  .         Spirit   .     f - +1 cloak
rCorr  .         Warding  .     (no gloves)
rMut   .         Stasis   .     (no boots)
MR     .....                    g - amulet of rage
Stlth  +++.......               (no ring)
                                (no ring)

@: mighty, heavily drained, not resistant to hostile enchantments, fairly
stealthy
A: claws 2, talons 2, demonic guardian 2, nightstalker 1
a: Minor Destruction, Lesser Servant of Makhleb, Major Destruction, Greater
Servant of Makhleb, Renounce Religion, Evoke Berserk Rage


You were on level 8 of the Dungeon.
You worshipped Makhleb.
Makhleb was exalted by your worship.
You were not hungry.

You visited 1 branch of the dungeon, and saw 8 of its levels.

Inventory:

Missiles
 j - 4 needles of confusion
 r - 6 curare-tipped needles
 v - 13 poisoned needles
Armour
 f - a +1 cloak (worn)
 m - a +2 buckler (worn)
 t - a +0 helmet (worn)
 A - a +0 robe of magic resistance
 G - a +1 robe of cold resistance (worn)
Jewellery
 g - an amulet of rage (around neck)
Wands
 k - a wand of disintegration (2)
 o - a wand of confusion (0)
 x - a wand of cold (5)
 D - a wand of flame (28)
 E - a wand of random effects (25)
Scrolls
 c - 2 scrolls of remove curse
 u - 2 scrolls of recharging
 y - 2 scrolls of immolation
Potions
 a - a potion of flight {unknown}
 e - a potion of lignification
 s - 3 potions of cure mutation
 w - a potion of cancellation
Comestibles
 b - 6 bread rations
 h - a royal jelly
 i - 5 fruits
 q - 4 meat rations


   Skills:
 + Level 5.0(2.9) Fighting
   Level 0.3(0.0) Maces & Flails
 + Level 6.9(4.8) Dodging
 + Level 4.1(2.1) Stealth
 + Level 5.1(3.1) Shields
 * Level 8.0(5.7) Unarmed Combat
 + Level 5.5(3.4) Invocations
 * Level 4.0(2.0) Evocations


You had 9 spell levels left.
You didn't know any spells.

Dungeon Overview and Level Annotations

Branches:
Dungeon (8/15)             Temple (0/1) D:6
   Lair: D:8-11

Altars:
Makhleb
Sif Muna

Annotations:
D:8 Maurice


Innate Abilities, Weirdness & Mutations

You have very sharp fingernails.
You have razor-sharp toenails.
A demonic guardian rushes to your aid.
You are slightly more attuned to the shadows.


Message History

You fail to use your ability.
You hear a zap.
A bolt of negative energy appears from out of thin air!
The bolt of negative energy misses you.
A demon appears!
You feel slightly more hungry.
You hear some strange, mumbled words.
Drink which item? (? for menu, Esc to quit)
Okay, then.
Unknown command.
Something hits you but does no damage.
Read which item? (? for menu, Esc to quit)
As you read the scroll labeled BAKHLEAMM WOSA, it crumbles to dust.
You hear a very strange noise indeed.
It was a scroll of random uselessness.
You hear a zap.
Drink which item? (? for menu, Esc to quit)
You feel very mighty all of a sudden. Something barely misses you.
Something hits you!
You die...

..............#....
.............#....
.............#....
##+###.........#....
#...##.........#....
#..............#....
#.........######....
#...4.....#.........
#..@......#.........
#.........#.......>.
#.........+.........
#.........#.........
#...##....#.........
##### ....#......###
...#.....)#..
..#......#..
#......#..


You could see a friendly orange demon.

Vanquished Creatures
  The ghost of tinybubbles the Sneak, an amateur DsAs of Cheibriados (D:4)
  Eustachio (D:6)
  Duvessa (D:7)
  An ice beast (D:8)
  3 centaurs
  A sky beast (D:5)
  2 ogres (D:7)
  A black bear (D:7)
  2 phantoms
  A wasp (D:5)
  5 big kobolds
  A gnoll sergeant (D:6)
  Dowan (D:7)
  2 giant frogs
  A water moccasin skeleton (D:5)
  A wight (D:7)
  2 crimson imps
  A giant frog zombie (D:7)
  3 electric eels (D:6)
  Ijyb (D:3)
  A gnoll shaman (D:5)
  4 hounds
  2 orc priests
  7 worker ants
  7 orc wizards
  A killer bee zombie (D:7)
  A hound skeleton (D:4)
  A worker ant zombie (D:5)
  16 gnolls
  Robin (D:2)
  7 adders
  3 oozes
  2 worms (D:2)
  5 giant geckos
  25 orcs
  2 giant cockroaches
  14 goblins
  14 hobgoblins
  12 jackals
  49 kobolds
  3 quokkas
  6 bats
  A giant gecko skeleton (D:4)
  7 giant newts
  2 quokka skeletons (D:4)
  7 rats
232 creatures vanquished.

Vanquished Creatures (collateral kills)
  Erolcha (D:8)
  Pikel (D:7)
  An ice beast (D:7)
  A giant frog (D:6)
  2 wights (D:7)
  A hound (D:5)
  An orc priest (D:7)
  2 gnolls (D:5)
  8 orcs
  A hobgoblin (D:6)
  2 kobolds (D:6)
21 creatures vanquished.

Vanquished Creatures (others)
  An orc wizard (D:5)
  A worker ant (D:7)
2 creatures vanquished.

Grand Total: 255 creatures vanquished

Notes
Turn   | Place    | Note
--------------------------------------------------------------
     0 | D:1      | tinybubbles the Demonspawn Monk began the quest for the Orb.
     0 | D:1      | Reached XP level 1. HP: 18/18 MP: 1/1
   115 | D:1      | Gained mutation: You have sharp fingernails. [demonic ancestry]
   115 | D:1      | Reached XP level 2. HP: 10/24 MP: 2/2
   347 | D:1      | Reached skill level 4 in Unarmed Combat
  1102 | D:2      | Reached XP level 3. HP: 20/29 MP: 3/3
  1668 | D:2      | Noticed Robin
  1696 | D:2      | Gained mutation: You have sharp toenails. [demonic ancestry]
  1696 | D:2      | Reached XP level 4. HP: 26/35 MP: 4/4
  1720 | D:2      | Killed Robin
  1870 | D:2      | Found a deep blue altar of Sif Muna.
  2110 | D:3      | Found a faded altar to an unknown god.
  2126 | D:3      | Became a worshipper of Makhleb the Destroyer
  2126 | D:3      | Reached * piety under Makhleb
  2126 | D:3      | Reached ** piety under Makhleb
  2207 | D:3      | Reached *** piety under Makhleb
  2304 | D:3      | Noticed Ijyb
  2331 | D:3      | Killed Ijyb
  2441 | D:3      | Reached skill level 1 in Invocations
  2634 | D:4      | Gained mutation: A weak demonic guardian rushes to your aid. [demonic ancestry]
  2634 | D:4      | Reached XP level 5. HP: 41/41 MP: 5/5
  2754 | D:4      | Noticed tinybubbles's ghost (amateur DsAs)
  2757 | D:4      | Killed tinybubbles's ghost
  2757 | D:4      | Reached skill level 1 in Shields
  2757 | D:4      | Reached skill level 5 in Unarmed Combat
  2757 | D:4      | Gained mutation: You have razor-sharp toenails. [demonic ancestry]
  2757 | D:4      | Reached XP level 6. HP: 40/48 MP: 5/7
  3354 | D:5      | Entered Level 5 of the Dungeon
  3425 | D:5      | Reached XP level 7. HP: 46/53 MP: 9/9
  3747 | D:5      | Reached **** piety under Makhleb
  3865 | D:5      | HP: 1/53 [orc wizard/magic dart (8)]
  4192 | D:5      | Reached skill level 5 in Dodging
  4192 | D:5      | Gained mutation: You have very sharp fingernails. [demonic ancestry]
  4192 | D:5      | Reached XP level 8. HP: 58/60 MP: 9/11
  4230 | D:5      | Reached skill level 1 in Evocations
  4316 | D:6      | Reached skill level 6 in Unarmed Combat
  4320 | D:6      | Reached ***** piety under Makhleb
  4608 | D:6      | Found a staircase to the Ecumenical Temple.
  4622 | D:6      | Noticed Eustachio
  4633 | D:6      | Killed Eustachio
  5289 | D:6      | Gained mutation: A demonic guardian rushes to your aid. [demonic ancestry]
  5289 | D:6      | Reached XP level 9. HP: 58/66 MP: 12/12
  5350 | D:6      | Reached ****** piety under Makhleb
  5825 | D:7      | Noticed Duvessa
  5827 | D:7      | Noticed Dowan
  5832 | D:7      | Killed Duvessa
  5840 | D:7      | Killed Dowan
  5840 | D:7      | Reached skill level 7 in Unarmed Combat
  6234 | D:7      | Reached skill level 5 in Invocations
  6350 | D:7      | Noticed Pikel
  6356 | D:7      | Killed Pikel
  6441 | D:7      | Reached skill level 5 in Shields
  7091 | D:8      | Noticed Erolcha
  7116 | D:8      | Killed Erolcha
  7116 | D:8      | Reached skill level 5 in Fighting
  7116 | D:8      | Reached skill level 8 in Unarmed Combat
  7116 | D:8      | Gained mutation: You are slightly more attuned to the shadows. [demonic ancestry]
  7116 | D:8      | Reached XP level 10. HP: 52/74 MP: 14/14
  7222 | D:8      | Noticed Maurice
  7254 | D:8      | Slain by Maurice

Action                   |  1- 3 |  4- 6 |  7- 9 | 10-12 || total
-------------------------+-------+-------+-------+-------++-------
Melee: Unarmed           |    81 |   126 |   566 |    12 ||   785
       Whip              |    94 |       |       |       ||    94
       Short sword       |       |       |     1 |     1 ||     2
Invok: Minor Destruction |       |    14 |    67 |     3 ||    84
       Lesser Servant of |       |       |     1 |     1 ||     2
Evoke: Wand              |       |     4 |     1 |       ||     5
  Use: Scroll            |     6 |     5 |     9 |     1 ||    21
       Potion            |       |       |     2 |     3 ||     5
 Stab: Sleeping          |     5 |     4 |    12 |     1 ||    22
       Distracted        |       |       |     2 |       ||     2
  Eat: Chunk             |     3 |     6 |     9 |     1 ||    19
       Fruit             |       |       |     2 |       ||     2
       Beef jerky        |       |       |     2 |       ||     2
